 Dungeon Crawl Stone Soup version 0.31-a0-408-gb642c7f9a3 (webtiles) character file.

Game seed: 1353337710841415705

149 RepHenryClay the Conjurer (level 5, 0/28 HPs)
             Began as a Deep Elf Hedge Wizard on July 30, 2023.
             Slain by a bullfrog (6 damage)
             ... in a sewer.
             The game lasted 00:04:20 (2728 turns).

RepHenryClay the Conjurer (Deep Elf Hedge Wizard)   Turns: 2728, Time: 00:04:20

Health: 0/28       AC:  3    Str:  7    XL:     5   Next: 9%
Magic:  10/13      EV:  9    Int: 21    God:
Gold:   107        SH:  0    Dex: 14    Spells: 4/12 levels left

rFire   . . .        a - +0 dagger
rCold   . . .        (no shield)
rNeg    . . .        b - +0 robe
rPois   .            k - +0 helmet
rElec   .            (no cloak)
rCorr   .            (no gloves)
SInv    .            (no boots)
Will    .....        (no amulet)
Stlth   ++           (no ring)
HPRegen 0.24/turn    (no ring)
MPRegen 0.13/turn

%: no passive effects
@: lethally poisoned (0 -> -1), constricted
A: no striking features
a: no special abilities


You were in a sewer.
You visited 1 branch of the dungeon, and saw 3 of its levels.
You also visited: Sewer.

You collected 107 gold pieces.

Inventory:

Hand Weapons
 a - a +0 dagger (weapon)
Armour
 b - a +0 robe (worn)
 c - a +0 hat
 k - a +0 helmet (worn)
Scrolls
 e - 2 scrolls of identify
 g - a scroll of fear {unknown}
 i - 2 scrolls of vulnerability {unknown}
 j - a scroll of blinking {unknown}
 l - a scroll of enchant weapon {unknown}
 m - 2 scrolls of fog {unknown}
Potions
 d - a potion of magic
 f - a potion of berserk rage {unknown}
 h - 3 potions of enlightenment
 n - a potion of haste {unknown}
 o - 2 potions of heal wounds
 p - a potion of invisibility {unknown}


   Skills:
 - Level 2.4 Dodging
 - Level 2.4 Stealth
 - Level 4.4 Spellcasting
 - Level 4.5 Conjurations
 - Level 1.1 Summonings
 - Level 1.1 Translocations
 + Level 1.6 Air Magic
 + Level 1.8 Poison Magic


You had 4 spell levels left.
You knew the following spells:

 Your Spells              Type           Power      Damage    Failure   Level
a - Magic Dart            Conj           92%        1d7       1%          1
c - Poisonous Vapours     Pois/Air       24%        N/A       9%          2
d - Mephitic Cloud        Conj/Pois/Air  15%        N/A       12%         3
Q - Blink                 Tloc           18%        N/A       11%         2

Your spell library contained the following spells:

 Spells                   Type           Power      Damage    Failure   Level
 Call Imp                 Summ           18%        N/A       11%         2
 Cigotuvi's Dreadful Rot  Necr/Pois/Air  18%        N/A       11%         2
 Slow                     Hex            16%        N/A       12%         1
 Freezing Cloud           Conj/Ice/Air   6%         6-21      80%         5


Dungeon Overview and Level Annotations

Branches:
Dungeon (3/15)              Sewer (1/1)

Altars:


Message History

The ball python moves out of view.
Casting: Magic Dart (safe; 1% risk of failure)
Confirm with . or Enter, or press ? or * to list all spells.
Aiming: Magic Dart (safe; 1% risk of failure)
Press: ? - help, Shift-Dir - straight line, f - adder
Aim: an adder (100% to hit)
The magic dart hits the adder.
The adder is lightly wounded.
A bullfrog comes into view.
The adder bites you.
You are poisoned.
The adder poisons you!
Damage: -3%(-1hp) hp: 97%(27hp)
Casting: Magic Dart (safe; 1% risk of failure)
Confirm with . or Enter, or press ? or * to list all spells.
Aiming: Magic Dart (safe; 1% risk of failure)
Press: ? - help, Shift-Dir - straight line, f/p - adder
Aim: an adder (lightly wounded, 100% to hit)
The magic dart hits the adder.
The adder is heavily wounded.
The bullfrog gives a loud, deep croak!
You feel sick. The bullfrog hits you. The adder bites you.
A frilled lizard comes into view.
The ball python closely misses you. The ball python grabs you.
The ball python constricts you. The bullfrog hits you.
Huge Dmg: -39%(-11hp) hp: 58%(16hp)
You escape the ball python's grasp.
The adder attacks as you move away! The adder barely misses you.
You feel sick. The bullfrog hits you.
* * * LOW HITPOINT WARNING * * *
Huge Dmg: -25%(-7hp) hp: 33%(9hp)
As you read the scroll labelled MOOSOM IRRED, it crumbles to dust.
It is a scroll of identify.
o - 2 potions of heal wounds You feel sick.
The ball python bites you.
* * * LOW HITPOINT WARNING * * *
The ball python grabs you. The ball python constricts you.
* * * LOW HITPOINT WARNING * * *
A frilled lizard comes into view.
The bullfrog hits you.
You die...

#..'.†..# #..#....#
####...##
##################....#
.#≈l≈≈≈≈≈≈≈≈≈≈≈≈≈......#
.~≈≈≈≈≈≈≈≈≈≈≈≈≈≈≈~....##
.~≈~~~≈≈F≈≈≈≈~~~~.....#
.~lS≈~~≈FS≈~~~≈≈≈.....#
≈≈#SS@~#≈≈≈≈≈~...##
#≈≈≈≈≈≈S≈≈≈≈≈≈≈≈..###
###################


You could see 2 bullfrogs, an adder, 4 ball pythons and 2 frilled lizards.

Vanquished Creatures
  7 adders
  3 river rats (Sewer)
  A dart slug (D:1)
  3 endoplasms
  2 goblins
  3 hobgoblins
  6 jackals
  A quokka (D:1)
  10 ball pythons
  2 bats (D:1)
  2 frilled lizards
  A kobold (D:2)
  29 rats
70 creatures vanquished.

Notes
Turn   | Place    | Note
-------+----------+-------------------------------------------
     0 | D:1      | RepHenryClay the Deep Elf Hedge Wizard began the quest for
                  | the Orb.
     0 | D:1      | Reached XP level 1. HP: 10/10 MP: 7/7
   278 | D:1      | Found a faded altar of an unknown god.
   414 | D:1      | Reached XP level 2. HP: 15/15 MP: 7/9
  1216 | D:2      | Learned a level 2 spell: Blink
  1219 | D:2      | Learned a level 2 spell: Poisonous Vapours
  1761 | D:3      | Reached XP level 3. HP: 19/19 MP: 8/10
  1805 | D:3      | Found a glowing drain.
  1814 | D:3      | Learned a level 3 spell: Mephitic Cloud
  1844 | D:3      | Reached XP level 4. HP: 15/24 MP: 2/12
  1852 | Sewer    | Entered a sewer
  2351 | Sewer    | Reached skill level 1 in Air Magic
  2351 | Sewer    | Reached skill level 1 in Poison Magic
  2583 | Sewer    | Reached XP level 5. HP: 18/28 MP: 6/13
  2728 | Sewer    | Slain by a bullfrog

Illustrated notes

Levels and vault maps discovered:
D:1:      zelgadis_glass_arrival_small, layout_loops_cross,
          hellmonk_ecumenical_altar_run_dry, hangedman_decor_slide_cut,
          minmay_misc_feat_columns
D:2:      layout_basic
D:3:      wad_pebble_path, layout_basic, nicolae_overflow_crystal_walls,
          gup_sewer_entry_glass, nicolae_underground_beach
Sewer:    sewer_minmay_w

Skill      XL: |  1  2  3  4 |
---------------+-------------+-----
Conjurations   | 2 3 4 |  4.5
Air Magic      | 1 |  1.6
Poison Magic   | 1 |  1.8
Dodging        | |  2.4
Stealth        | |  2.4
Spellcasting   | |  4.4
Summonings     | |  1.1
Translocations | |  1.1

Action                     |  1- 3 |  4- 6 || total
---------------------------+-------+-------++-------
  Melee: Dagger            |     2 |     2 ||     4
   Cast: Magic Dart        |    71 |    56 ||   127
         Poisonous Vapours |       |    12 ||    12
    Use: Potion            |     2 |       ||     2
         Scroll            |       |     1 ||     1
 Armour: Robe              |     7 |     4 ||    11
  Dodge: Dodged            |    21 |    14 ||    35

Table legend: (Time is in decaauts)
 A = Elapsed time spent in this place.
 B = Non-inter-level travel time spent in this place.
 C = Inter-level travel time spent in this place.
 D = Time resting spent in this place.
 E = Time spent auto-exploring this place.
 F = Levels seen in this place.
 G = Mean time per level.
                   A        B        C        D        E       F      G
               +--------+--------+--------+--------+--------+-----+--------+
         Total |   2777 |   2732 |     45 |    232 |   2159 |   4 |  694.2 |
       Dungeon |   1851 |   1806 |     45 |      0 |   1612 |   3 |  617.0 |
         Sewer |    925 |    925 |      0 |    232 |    547 |   1 |  925.0 |
               +--------+--------+--------+--------+--------+-----+--------+

Top non-repeatable levels by time:
   Sewer: 925 daAuts
     D:2: 888 daAuts
     D:1: 867 daAuts
     D:3: 95 daAuts
